 Dungeon Crawl Stone Soup version 0.29-a0-378-gc08b2e8bf8 (webtiles) character file.

Game seed: 9914775678754841375

2074 jlumianski the Chopper (level 9, -7/69 HPs)
             Began as a Demonspawn Fighter on May 4, 2022.
             Killed from afar by a white imp (8 damage)
             ... with a puff of frost
             ... on level 6 of the Dungeon.
             The game lasted 00:19:42 (6099 turns).

jlumianski the Chopper (Demonspawn Fighter)         Turns: 6099, Time: 00:19:44

Health: -7/69      AC: 10    Str: 20    XL:     9   Next: 6%
Magic:  0/9        EV: 11    Int:  9    God:
Gold:   87         SH:  5    Dex: 14    Spells: 8/8 levels left

rFire   . . .      SeeInvis .   a - +1 war axe (venom)
rCold   . . .      Faith    .   c - +0 buckler
rNeg    + . .      Spirit   +   x - +2 ring mail {rN+}
rPois   .          Reflect  .   n - +0 helmet
rElec   .          Harm     .   k - +0 cloak
rCorr   .          Rampage  .   (no gloves)
Will    .....                   (no boots)
Stlth   +.........              (no amulet)
HPRegen 0.21/turn               (no ring)
MPRegen 0.22/turn               (no ring)

@: no status effects
A: claws 1, hooves 2, powered by death 1, magic shield, magic regeneration,
weakness stinger 1
a: no special abilities


You were on level 6 of the Dungeon.
You visited 1 branch of the dungeon, and saw 6 of its levels.

You collected 329 gold pieces.
You spent 242 gold pieces at shops.

Inventory:

Hand Weapons
 a - a +1 war axe of venom (weapon)
 w - a +2 vorpal flail
Missiles
 h - 4 silver javelins
 l - 147 stones
 t - 4 atropa-tipped darts
 y - 18 poisoned darts (quivered)
Armour
 b - a +0 scale mail
 c - a +0 buckler (worn)
 k - a +0 cloak (worn)
 n - a +0 helmet (worn)
 p - a +2 scale mail of cold resistance
 u - a +0 plate armour
 x - a +2 ring mail of positive energy (worn)
Magical Staves
 v - a staff of fire
Jewellery
 j - a ring of ice
Wands
 r - a wand of flame (19)
Scrolls
 e - a scroll of teleportation
Potions
 d - 4 potions of might
 f - 3 potions of curing
 g - 2 potions of degeneration
 i - a potion of ambrosia
 m - 2 potions of heal wounds
 o - a potion of lignification {unknown}
 q - 2 potions of flight
 z - a potion of mutation {unknown}


   Skills:
 + Level 5.7 Fighting
 + Level 7.8 Axes
 + Level 1.0 Throwing
 + Level 5.3 Armour
 + Level 2.2 Dodging
 + Level 0.8 Stealth
 + Level 4.1 Shields


You had 8 spell levels left.
You didn't know any spells.
Your spell library contained the following spells:

 Spells                   Type           Power      Damage    Failure   Level
 Summon Small Mammal      Summ           0%         N/A       65%         1
 Call Canine Familiar     Summ           0%         N/A       95%         3
 Summon Guardian Golem    Hex/Summ       0%         N/A       95%         3


Dungeon Overview and Level Annotations

Branches:
Dungeon (6/15)
 Temple: D:4-7

Altars:
Kikubaaqudgha
Nemelex Xobeh
Trog
Uskayaw

Shops:
D:1 ?   D:3 *   D:4 !(!*

Annotations:
D:4 3 runed translucent doors, zeratav's ghost, amateur KoMo
D:5 2 runed translucent doors


Innate Abilities, Weirdness & Mutations

You have sharp fingernails.
You have hoof-like feet.
You regenerate a little health from kills.
When hurt, damage is shared between your health and your magic reserves.
You regenerate magic rapidly.
You have a small tail.


Message History

You closely miss the white imp. You block the white imp's attack.
The troll bites you but does no damage. You block the troll's attack.
The troll claws you but does no damage.
You barely miss the troll.
The troll is lightly wounded.
You slash the white imp! The white imp closely misses you. The troll bites you.
The troll closely misses you. x2
You barely miss the troll. You kick the troll.
The troll is moderately wounded.
You closely miss the white imp.
The white imp hits you but does no damage.
The troll bites you! The troll claws you. x2
You hit the troll.
The troll is poisoned.
You kick the troll, but do no damage.
Your tail-slap misses the troll.
The troll is moderately wounded.
You hit the white imp. The white imp gestures at you.
The puff of frost hits you!
* * * LOW HITPOINT WARNING * * *
The troll bites you.
* * * LOW HITPOINT WARNING * * *
The troll closely misses you. You block the troll's attack.
Okay, then.
You feel much better.
The white imp hits you but does no damage.
The troll bites you!
* * * LOW HITPOINT WARNING * * *
You block the troll's attack. The troll misses you.
The white imp attacks as you move away! The white imp completely misses you.
The white imp gestures at you. The puff of frost hits you!
* * * LOW HITPOINT WARNING * * *
The troll attacks as you move away! The troll bites you!
* * * LOW HITPOINT WARNING * * *
The troll claws you.
* * * LOW HITPOINT WARNING * * *
You block the troll's attack.
Found a whip.
The white imp gestures at you. The puff of frost hits you!
You die...

.#######.....# #.....
).............####.....
..$...................
.................###..
######....##...........'..
#.............###.#..#)#..
#.............# #.#.##)#..
#.............# #.#.##)#..
#........@....# #.#.##)#..
#.[..=.T......# #.#.##)#..
#.............# #.#.##)#..
#..?...5..)...# #.#.##.#..
#.......[.....# #.#.##.#..
#.............# #.##.#..
#......>......# ..#
#.............# ####
###############


You could see a troll (very poisoned) and a white imp.

Vanquished Creatures
  A shadow (D:5)
  Eustachio (D:5)
  3 yaks (D:5)
  Edmund (D:4)
  A water moccasin (D:6)
  An ice beast (D:3)
  A centaur (D:5)
  3 phantoms (D:4)
  A kobold brigand (D:6)
  A gnoll sergeant (D:6)
  4 scorpions (D:4)
  2 hounds (D:4)
  2 orc priests
  An iguana (D:6)
  An orc wizard (D:5)
  Terence (D:2)
  8 gnolls
  5 adders
  3 worms
  3 dart slugs
  6 orcs (D:5)
  3 bats
  3 endoplasms
  A giant cockroach (D:3)
  8 goblins
  6 hobgoblins
  2 jackals (D:2)
  12 kobolds
  3 quokkas
  2 ball pythons
  A frilled lizard (D:2)
  7 rats
98 creatures vanquished.

Notes
Turn   | Place    | Note
-------+----------+-------------------------------------------
     0 | D:1      | jlumianski the Demonspawn Fighter began the quest for the
                  | Orb.
     0 | D:1      | Reached XP level 1. HP: 18/18 MP: 1/1
   122 | D:1      | Reached skill level 2 in Axes
   122 | D:1      | Gained mutation: You regenerate magic rapidly. [demonic
                  | ancestry]
   122 | D:1      | Reached XP level 2. HP: 23/24 MP: 2/2
   451 | D:1      | Found Wutits's Magic Scroll Emporium.
   454 | D:1      | Bought a scroll of identify for 22 gold pieces
   635 | D:1      | Found a faded altar of an unknown god.
  1040 | D:2      | Reached XP level 3. HP: 21/29 MP: 3/3
  1471 | D:2      | Noticed Terence
  1478 | D:2      | Killed Terence
  1710 | D:2      | Discovered your monstrous ancestry.
  1710 | D:2      | Gained mutation: You have large cloven feet. [demonic
                  | ancestry]
  1710 | D:2      | Reached XP level 4. HP: 30/35 MP: 4/4
  2209 | D:3      | Reached skill level 3 in Axes
  2315 | D:3      | Found Febulug's General Store.
  2579 | D:3      | Found a bloodstained altar of Trog.
  2579 | D:3      | Noticed an ice beast
  2591 | D:3      | Killed an ice beast
  2592 | D:3      | Gained mutation: You have sharp fingernails. [demonic
                  | ancestry]
  2592 | D:3      | Reached XP level 5. HP: 42/42 MP: 5/5
  2707 | D:3      | Found a hide-covered altar of Uskayaw.
  2761 | D:3      | Found an ancient bone altar of Kikubaaqudgha.
  3010 | D:4      | Found Xycsecka's Antique Weapon Boutique.
  3032 | D:4      | Found Ypliwk's Distillery.
  3096 | D:4      | Noticed a phantom
  3106 | D:4      | Killed a phantom
  3107 | D:4      | Reached skill level 4 in Axes
  3107 | D:4      | Gained mutation: You regenerate a little health from kills.
                  | [demonic ancestry]
  3107 | D:4      | Reached XP level 6. HP: 48/48 MP: 6/6
  3262 | D:1      | Bought a scroll of brand weapon for 220 gold pieces
  3387 | D:4      | Found Hithocia's Distillery.
  3472 | D:4      | Reached skill level 1 in Dodging
  3677 | D:4      | Found a runed translucent gate.
  3679 | D:4      | Found a runed translucent gate.
  3679 | D:4      | Found a runed translucent gate.
  3679 | D:4      | Found Araat's Assorted Antiques.
  3697 | D:4      | Noticed Edmund
  3711 | D:4      | Killed Edmund
  3712 | D:4      | Reached skill level 5 in Axes
  3882 | D:4      | Noticed zeratav's ghost (amateur KoMo)
  4359 | D:5      | Entered Level 5 of the Dungeon
  4408 | D:5      | Found a sparkling altar of Nemelex Xobeh.
  4448 | D:5      | Noticed Eustachio
  4496 | D:4      | Gained mutation: When hurt, damage is shared between your
                  | health and your magic reserves. [demonic ancestry]
  4496 | D:4      | Reached XP level 7. HP: 50/54 MP: 7/7
  4601 | D:5      | Killed Eustachio
  4710 | D:5      | Found a runed translucent door.
  4712 | D:5      | Found a runed translucent door.
  4750 | D:5      | Noticed a shadow
  4757 | D:5      | HP: 1/55 [orc priest/divine providence (10)]
  5017 | D:4      | Gained mutation: You have a small tail. [demonic ancestry]
  5017 | D:4      | Reached XP level 8. HP: 38/61 MP: 5/8
  5163 | D:4      | Reached skill level 6 in Axes
  5189 | D:4      | Reached skill level 1 in Throwing
  5347 | D:5      | Reached skill level 5 in Armour
  5428 | D:5      | Reached skill level 5 in Fighting
  5433 | D:5      | Reached skill level 7 in Axes
  6033 | D:6      | Gained mutation: You have hoof-like feet. [demonic
                  | ancestry]
  6033 | D:6      | Reached XP level 9. HP: 52/69 MP: 9/9
  6087 | D:6      | Noticed a troll
  6099 | D:6      | HP: 1/69 [troll (5)]
  6099 | D:6      | Killed from afar by a white imp

Illustrated notes

Levels and vault maps discovered:
D:1:      lemuel_arrival_broad_hall, layout_loops_ring,
          hellmonk_ecumenical_altar_leap_of_faith, serial_shops,
          nicolae_shop_behind_doors
D:2:      layout_basic, uniq_terence
D:3:      layout_loops_ring, lemuel_round_altar, mainiacjoe_overflow_big_doors,
          serial_shops, nicolae_shop_hallway_plus
D:4:      layout_layer_cave, ebering_ghost_rock_garden, serial_shops, shop,
          kennysheep_mini, shop, nicolae_shop_crystal, uniq_edmund
D:5:      lemuel_insect_pit, layout_basic, nemelex_spade_bored_becter,
          minmay_bent, uniq_eustachio
D:6:      lemuel_castle_with_subvaults [lemuel_castle_interior_original],
          layout_basic, minivault_4, minmay_fire_ice_demons, uniq_blork_the_orc

Skill      XL: |  1  2  3  4  5  6  7  8 |
---------------+-------------------------+-----
Axes           | 2 3 4 5 7 |  7.8
Armour         | 3 4 5 |  5.3
Shields        | 3 4 |  4.1
Fighting       | 4 5 |  5.7
Dodging        | 1 2 |  2.2
Throwing       | 1 |  1.0
Stealth        | |  0.8

Action                   |  1- 3 |  4- 6 |  7- 9 || total
-------------------------+-------+-------+-------++-------
Melee: War axe           |    79 |    80 |   135 ||   294
       Kick              |       |    23 |    44 ||    67
       Tailslap          |       |       |    16 ||    16
Throw: Stone             |       |     6 |       ||     6
       Dart              |       |     6 |     1 ||     7
  Use: Potion            |     1 |     1 |     2 ||     4
       Scroll            |     6 |     4 |     4 ||    14
Armor: Scale mail        |    62 |    26 |       ||    88
       Ring mail         |       |    15 |    67 ||    82
       Plate armour      |       |    10 |       ||    10
Dodge: Dodged            |    41 |    34 |    71 ||   146
Block: Buckler           |    24 |     9 |    44 ||    77

Table legend: (Time is in decaauts)
 A = Elapsed time spent in this place.
 B = Non-inter-level travel time spent in this place.
 C = Inter-level travel time spent in this place.
 D = Time resting spent in this place.
 E = Time spent auto-exploring this place.
 F = Levels seen in this place.
 G = Mean time per level.
                   A        B        C        D        E       F      G
               +--------+--------+--------+--------+--------+-----+--------+
         Total |   6201 |   5966 |    235 |    535 |   4076 |   6 | 1033.5 |
       Dungeon |   6201 |   5966 |    235 |    535 |   4076 |   6 | 1033.5 |
               +--------+--------+--------+--------+--------+-----+--------+

Top non-repeatable levels by time:
     D:4: 1989 daAuts
     D:2: 1275 daAuts
     D:5: 997 daAuts
     D:3: 920 daAuts
     D:1: 859 daAuts
     D:6: 160 daAuts
